 Dungeon Crawl Stone Soup version 0.32-a0-666-ge8a88695a4 (console) character file.

Game seed: 10791044218584966892

2 jejorda2 the Trooper (level 1, -1/18 HPs)
             Began as a Coglin Berserker on Mar 9, 2024.
             Was a Follower of Trog.
             Slain by a ribbon worm (4 damage)
             ... on level 2 of the Dungeon.
             The game lasted 00:00:35 (40 turns).

jejorda2 the Trooper (Coglin Berserker)               Turns: 40, Time: 00:00:36

Health: -1/18      AC:  2    Str: 17    XL:     1   Next: 30%
Magic:  1/1        EV: 12    Int:  6    God:    Trog [*.....]
Gold:   0          SH:  0    Dex: 13    Spells: 0/0 levels left

rFire   . . .        a - +0 spear {Hayata}
rCold   . . .        c - +0 dagger {Leofric}
rNeg    . . .        b - +0 animal skin
rPois   .            (no helmet)
rElec   .            (no cloak)
rCorr   .            (no gloves)
SInv    .            (no boots)
Will    .....        (amulet unavailable)
Stlth   +            (ring unavailable)
HPRegen 0.23/turn    (ring unavailable)
MPRegen 0.07/turn    (no gizmo)

%: no passive effects
@: revved
A: off-hand wielding, slow wielding, warmup strikes, no jewellery
a: Invent Gizmo, Renounce Religion, Berserk


You were on level 2 of the Dungeon.
You worshipped Trog.
Trog was aware of your devotion.
You visited 1 branch of the dungeon, and saw 2 of its levels.

Inventory:

Hand Weapons
 a - a +0 spear (weapon) {Hayata}
 c - a +0 dagger (offhand) {Leofric}
Armour
 b - a +0 animal skin (worn)


   Skills:
 + Level 3.0 Fighting
 * Level 2.8 Polearms
 - Level 1.7 Armour
 - Level 1.7 Dodging


You couldn't memorise any spells.
You didn't know any spells.
Your spell library was empty.

Dungeon Overview and Level Annotations

Branches:
Dungeon (1/15)

Altars:


Innate Abilities, Weirdness & Mutations

You can wield a second weapon in your off-hand.
It takes a long time for you to wield or remove held weapons.
Your first few attacks do less damage.
You cannot equip rings or amulets.


Message History

The ribbon worm is severely wounded.
You hit the ribbon worm but do no damage.
The ribbon worm closely misses you.
You hit the ribbon worm but do no damage.
The ribbon worm is severely wounded.
You barely miss the ribbon worm with your +0 dagger.
The ribbon worm bites you.
You barely miss the ribbon worm with your +0 spear.
The ribbon worm is heavily wounded.
You hit the ribbon worm but do no damage.
You hit the ribbon worm but do no damage.
The ribbon worm is heavily wounded.
You hit the ribbon worm with your +0 dagger.
The ribbon worm bites you.
You are too injured to fight recklessly!
You are too injured to fight recklessly!
You are too injured to fight recklessly!
You are too injured to fight recklessly!
You hit the ribbon worm with your +0 dagger.
The ribbon worm is almost dead.
You completely miss the ribbon worm with your +0 spear.
The ribbon worm bites you.
You hit the ribbon worm with your +0 dagger.
The ribbon worm is almost dead.
You barely miss the ribbon worm with your +0 spear.
The ribbon worm bites you but does no damage.
You barely miss the ribbon worm with your +0 spear.
The ribbon worm is severely wounded.
You hit the ribbon worm but do no damage.
The ribbon worm expels a string of sticky webbing.
The stream of webbing hits you but does no damage.
You are caught in a web!
You struggle to detach yourself from the web.
The web tears apart.
The ribbon worm bites you.
* * * LOW HITPOINT WARNING * * *
You hit the ribbon worm with your +0 spear.
The ribbon worm is severely wounded.
You hit the ribbon worm with your +0 dagger.
The ribbon worm bites you.
You die...

#.# #.# #.#
#$## ...# .
#.. ... #.#
....
#.####.....
#..@w......
##?......#.
#.#######
#.# #.# #.#
#.# #.# #.#


You could see a ribbon worm.

Vanquished Creatures
  An endoplasm (D:2)
  A rat (D:1)
2 creatures vanquished.

Notes
Turn   | Place    | Note
-------+----------+-------------------------------------------
     0 | D:1      | jejorda2 the Coglin Berserker began the quest for the Orb.
     0 | D:1      | Reached XP level 1. HP: 18/18 MP: 1/1
    17 | D:1      | You fall into a shaft and drop 1 floor!
    40 | D:2      | Slain by a ribbon worm

Illustrated notes

Levels and vault maps discovered:
D:1:      lightli_arrival_boilingwater, layout_loops_ring,
          shapermc_ecumenical_altar_flowoftime, serial_shops, shop
D:2:      layout_loops_ring, basic_altar

Action                     || total
---------------------------++-------
  Melee: Spear             ||    14
         Dagger            ||    12
 Armour: Animal skin       ||     8
  Dodge: Dodged            ||     1

Table legend: (Time is in decaauts)
 A = Elapsed time spent in this place.
 B = Non-inter-level travel time spent in this place.
 C = Inter-level travel time spent in this place.
 D = Time resting spent in this place.
 E = Time spent auto-exploring this place.
 F = Levels seen in this place.
 G = Mean time per level.
                   A        B        C        D        E       F      G
               +--------+--------+--------+--------+--------+-----+--------+
         Total |     42 |     42 |      0 |      0 |      7 |   2 |   21.0 |
       Dungeon |     42 |     42 |      0 |      0 |      7 |   2 |   21.0 |
               +--------+--------+--------+--------+--------+-----+--------+

Top non-repeatable levels by time:
     D:2: 23 daAuts
     D:1: 19 daAuts
